 Dungeon Crawl Stone Soup version 0.24.0-123-gd5b16e6ec5 (webtiles) character file.

Game seed: 13061071672523288898, levelgen mode: deterministic

835 Amplified the Skirmisher (level 7, 0/45 HPs)
             Began as a Gargoyle Warper on Jan 25, 2020.
             Was an Initiate of the Shining One.
             Slain by a killer bee (3 damage)
             ... on level 8 of the Dungeon.
             The game lasted 00:11:59 (6655 turns).

Amplified the Skirmisher (Gargoyle Warper)          Turns: 6655, Time: 00:12:00

Health: 0/45       AC: 12    Str: 17    XL:     7   Next: 98%
Magic:  10/10      EV: 11    Int: 13    God:    the Shining One [......]
Gold:   59         SH:  4    Dex:  9    Spells: 10/10 levels left

rFire    x . .     SeeInvis .   k - +1 flail (protect)
rCold    + . .     Gourm    .   d - +0 buckler
rNeg     + + .     Faith    .   n - +1 ring mail of the Lost Path {rN+ rCorr}
rPois    ∞         Spirit   .   i - +0 helmet
rElec    +         Reflect  .   (no cloak)
rCorr    +         Harm     .   (no gloves)
MR       .....                  (no boots)
Stlth    ..........             (no amulet)
HPRegen  0.15/turn              e - ring of ice
MPRegen  0.12/turn              (no ring)

@: glowing
A: negative energy resistance 1, electricity resistance, unbreathing,
petrification resistance, rot immunity, AC +4
a: Renounce Religion


You were on level 8 of the Dungeon.
You worshipped the Shining One.
The Shining One was noncommittal.
You were not hungry.

You visited 2 branches of the dungeon, and saw 9 of its levels.

You collected 293 gold pieces.
You spent 234 gold pieces at shops.

Inventory:

Hand Weapons
 b - a cursed +0 hunting sling
 h - a +2 flail of crushing
 k - a +1 flail of protection (weapon)
Armour
 d - a +0 buckler (worn)
 g - a +0 plate armour
 i - a +0 helmet (worn)
 n - the +1 ring mail of the Lost Path (worn) {rN+ rCorr}
   (You bought it in a shop on level 6 of the Dungeon)

   It protects you from negative energy.
   It provides partial protection from all sources of acid and corrosion.
Jewellery
 e - a ring of ice (left hand)
Wands
 s - a wand of digging (3)
Scrolls
 j - a scroll of magic mapping
 m - 3 scrolls of remove curse
Potions
 c - a potion of invisibility
Comestibles
 f - 7 rations


   Skills:
 * Level 5.9 Fighting
 * Level 5.3 Maces & Flails
 - Level 0.8 Throwing
 - Level 2.8 Armour
 - Level 2.5 Dodging
 * Level 3.4 Shields
 - Level 2.0 Spellcasting
   Level 2.6 Translocations


You had 10 spell levels left.
You didn't know any spells.
Your spell library contained the following spells:

 Spells                   Type           Power        Failure   Level  Hunger
 Blink                    Tloc           N/A          24%         2    ###....
 Shroud of Golubria       Chrm/Tloc      #.....       38%         2    ###....
 Confusing Touch          Hex            #.....       43%         1    ##.....
 Corona                   Hex            #......      43%         1    ##.....
 Summon Small Mammal      Summ           #...         43%         1    ##.....
 Gell's Gravitas          Tloc           #.........   43%         3    ####...
 Lesser Beckoning         Tloc           #.........   43%         3    ####...
 Teleport Other           Tloc           #.......     43%         3    ####...
 Call Imp                 Summ           #.......     58%         2    ###....
 Ensorcelled Hibernation  Hex/Ice        #.....       58%         2    ###....
 Call Canine Familiar     Summ           #.......     82%         3    ####...
 Confuse                  Hex            #.......     82%         3    ####...
 Dazzling Spray           Conj/Hex       #.....       82%         3    ####...
 Summon Guardian Golem    Hex/Summ       #.......     82%         3    ####...
 Tukima's Dance           Hex            #.......     82%         3    ####...
 Passage of Golubria      Tloc           N/A          85%         4    #####..
 Petrify                  Tmut/Erth      #.......     99%         4    #####..
 Summon Ice Beast         Ice/Summ       #.......     99%         4    #####..
 Summon Lightning Spire   Summ/Air       #.......     99%         4    #####..
 Metabolic Englaciation   Hex/Ice        #.........   100%        5    ######.
 Yara's Violent Unravell  Hex/Tmut       #.........   100%        5    ######.


Dungeon Overview and Level Annotations

Branches:
Dungeon (8/15)             Temple (1/1) D:6
   Lair: D:8-11

Altars:
Ashenzari
Cheibriados
Dithmenos
Elyvilon
Fedhas
Gozag
Hepliaklqana
Kikubaaqudgha
Makhleb
Nemelex Xobeh
Okawaru
Qazlal
Ru
Sif Muna
Trog
Uskayaw
Vehumet
Wu Jian
Xom
Yredelemnul
Zin
The Shining One

Shops:
D:6 [


Innate Abilities, Weirdness & Mutations

You are resistant to torment.
Your stone body is resilient. (AC +4)
You are immune to poison.
You resist negative energy. (rN+)
You are resistant to electric shocks. (rElec)
You can survive without breathing.
You are immune to petrification.
You are immune to rotting.


Message History

Unknown command.
Unknown command.
The adder bites you but does no damage. The killer bee barely misses you.
The adder closely misses you.
An orc warrior comes into view. It is wielding a +0 war axe.
The orc warrior shouts!
You hear a shout!
The killer bee barely misses you. The killer bee closely misses you.
Found a scroll of teleportation.
Okay, then.
An orc comes into view. It is wielding a +0 dagger.
The killer bee stings you but does no damage.
An orc priest comes into view.
The orc priest shouts!
An orc wizard comes into view. It is wielding a +0 dagger.
The killer bee stings you.
* * * LOW HITPOINT WARNING * * *
You block the killer bee's attack. The orc hits you but does no damage.
You block the killer bee's attack. The killer bee stings you.
You die...

### #.....#
#.#...#
#.#...#
#.#...#
#.#...# #.#
#@#...#
#...o#y#...#
#...oo.S...#
#.##.###...#
.....?....#
.##.###.#.#
# # #.#.#.#
#.#<..#
#.#.###


You could see a killer bee, an orc wizard and an adder.

Vanquished Creatures
  A water moccasin (D:7)
  An ice beast (D:5)
  2 ogres
  A bullfrog (D:6)
  A crimson imp (D:5)
  A centaur skeleton (D:5)
  A hound (D:4)
  2 orc priests
  Ijyb (D:3)
  2 worker ants
  2 hound skeletons (D:4)
  Robin (D:2)
  3 gnolls (D:6)
  An adder (D:3)
  An adder skeleton (D:5)
  An adder zombie (D:5)
  2 worms
  2 dart slugs (D:1)
  3 leopard geckos
  13 orcs
  4 bats
  4 giant cockroaches
  13 goblins
  5 hobgoblins
  10 jackals
  A quokka (D:7)
  A ball python (D:2)
  3 frilled lizards
  6 kobolds
  A quokka skeleton (D:6)
  8 rats
98 creatures vanquished.

Vanquished Creatures (others)
  A rat (D:2)
1 creature vanquished.

Grand Total: 99 creatures vanquished

Notes
Turn   | Place    | Note
-------+----------+-------------------------------------------
     0 | D:1      | Amplified the Gargoyle Warper began the quest for the Orb.
     0 | D:1      | Reached XP level 1. HP: 12/12 MP: 3/3
   549 | D:1      | Reached XP level 2. HP: 16/18 MP: 5/5
  1176 | D:1      | Reached XP level 3. HP: 22/22 MP: 6/6
  1466 | D:2      | Noticed Robin
  1607 | D:3      | Noticed Ijyb
  1878 | D:2      | Killed Robin
  1878 | D:2      | Reached XP level 4. HP: 24/28 MP: 7/7
  2137 | D:2      | Found a radiant altar of Vehumet.
  2503 | D:4      | Reached XP level 5. HP: 25/33 MP: 8/8
  2831 | D:4      | Found a blossoming altar of Fedhas.
  3040 | D:5      | Entered Level 5 of the Dungeon
  3054 | D:5      | Found a basalt altar of Yredelemnul.
  3129 | D:5      | Noticed an ogre
  3403 | D:7      | Noticed a sky beast
  3403 | D:7      | Noticed a sky beast
  3549 | D:6      | Noticed an ogre
  3635 | D:5      | Reached XP level 6. HP: 39/39 MP: 9/9
  3797 | D:5      | Reached skill level 1 in Shields
  4464 | D:3      | Killed Ijyb
  4464 | D:3      | Reached XP level 7. HP: 44/44 MP: 10/10
  4977 | D:3      | Reached skill level 5 in Fighting
  5484 | D:6      | Found a staircase to the Ecumenical Temple.
  5500 | Temple   | Entered the Ecumenical Temple
  5574 | Temple   | Became a worshipper of the Shining One
  5857 | D:6      | Reached skill level 5 in Maces & Flails
  5989 | D:6      | Found Ifrydwix's Antique Armour Emporium.
  5995 | D:6      | Bought a warped ring mail for 234 gold pieces
  6005 | D:6      | Identified the +1 ring mail of the Lost Path {rN+ rCorr}
                  | (You bought it in a shop on level 6 of the Dungeon)
  6537 | D:7      | HP: 2/45 [orc warrior/+0 long sword (6)]
  6655 | D:8      | Slain by a killer bee

Levels and vault maps discovered:
D:1:      minmay_arrival_four_loops, layout_loops_corners
D:2:      layout_rooms, fiery_altar_vehumet, uniq_robin
D:3:      layout_basic, first_ration, uniq_ijyb
D:4:      layout_loops_ring, chequers_serial_rivers_micro_a, fedhas_altar_3
D:5:      layout_loops_ring, basic_altar
D:6:      layout_cave_pools, minmay_temple_entry_offerings, serial_shops,
          nicolae_shop_waterfront
D:7:      layout_gridville
D:8:      layout_basic, blue_anna_alchemist [blue_anna_fruit_fields,
          blue_anna_fruit_fields]
Temple:   dpeg_three_leaves_temple

Skill      XL: |  1  2  3  4  5  6  7 |
---------------+----------------------+-----
Fighting       | 3 4 5 |  5.9
Armour         | 2 |  2.8
Dodging        | 2 |  2.5
Maces & Flails | 3 4 5 |  5.3
Shields        | 1 3 |  3.4
Throwing       | |  0.8
Spellcasting   | |  2.0
Translocations | |  2.6

Action                   |  1- 3 |  4- 6 |  7- 9 || total
-------------------------+-------+-------+-------++-------
Melee: Whip              |   220 |   136 |       ||   356
       Mace              |    10 |       |       ||    10
       Flail             |       |   105 |    94 ||   199
Throw: Boomerang         |     1 |     4 |       ||     5
Evoke: Wand              |       |       |     7 ||     7
  Use: Scroll            |     2 |    11 |     4 ||    17
       Potion            |       |     4 |     3 ||     7
  Eat: Chunk             |     3 |     5 |     5 ||    13
       Ration            |       |     1 |     1 ||     2
Armor: Plate armour      |   205 |   180 |    66 ||   451
       Leather armour    |     1 |       |       ||     1
       Ring mail         |       |       |    47 ||    47
Dodge: Dodged            |    53 |    86 |    84 ||   223
Block: Buckler           |       |    10 |    25 ||    35
